 Dungeon Crawl Stone Soup version 0.31-a0-750-gfe7b580527 (webtiles) character file.

Game seed: 14243645918100124907

123921 demibob the Warrior (level 16, -24/195 HPs)
             Began as a Merfolk Chaos Knight on Sept 14, 2023.
             Was a Plaything of Xom.
             Annihilated by a naga
             ... wielding a +0 war axe
              (28 damage)
             ... on level 3 of the Snake Pit.
             The game lasted 01:11:52 (23079 turns).

demibob the Warrior (Merfolk Chaos Knight)         Turns: 23079, Time: 01:11:54

Health: -24/195    AC: 21    Str: 16      XL:     16   Next: 91%
Magic:  0/16       EV: 18    Int: 10 (12) God:    Xom [...*..]
Gold:   695        SH:  6    Dex: 17      Spells: 15/15 levels left

rFire   . . .        c - +1 demon trident (elec)
rCold   . . .        V - +0 buckler
rNeg    . . .        N - +0 swamp dragon scales
rPois   +            (helmet restricted)
rElec   .            (no cloak)
rCorr   .            M - +1 pair of gloves
SInv    +            g - +0 pair of boots
Will    ++...        k - amulet of regeneration Stlth
                     T - +4 ring of protection
HPRegen 1.32/turn    Y - +4 ring of slaying
MPRegen 0.15/turn

%: no passive effects
@: berserking, hasted (expiring), constricted, very quick
A: (nimble swimmer 2), mertail, horns 1, iridescent scales 2, see invisible,
frail 1, strong-willed 1, mutation resistance 1, sense surroundings 1, shaggy
fur 1, inability to drink after injury 1, MP-powered wands
a: Renounce Religion


You were on level 3 of the Snake Pit.
You worshipped Xom.
You were a favourite toy of Xom.
You visited 4 branches of the dungeon, and saw 25 of its levels.
You also visited: Ossuary.

You collected 2748 gold pieces.
You spent 2053 gold pieces at shops.


Innate Abilities, Weirdness & Mutations

((You are very nimble when in or above water. (Stealth+, EV+, Speed+++)))
Your lower body shifts to a powerful aquatic tail in water.
You have a pair of small horns on your head.
You are mostly covered in iridescent scales. (AC +4)
You have supernaturally acute eyesight. (SInv)
You are frail. (-10% HP)
You are strong-willed. (Will+)
You are somewhat resistant to further mutation.
You passively map a small area around you.
You are covered in fur. (AC +1)
You occasionally lose the ability to drink potions when taking damage.
You expend magic power (3 MP) to strengthen your wands.


   Skills:
 - Level 18.7 Fighting
 - Level 18.3 Polearms
 - Level 6.2 Armour
 - Level 18.3 Dodging
 - Level 10.0 Stealth
 + Level 8.2 Shields
 - Level 5.2 Evocations


You had 15 spell levels left.
You didn't know any spells.
Your spell library contained the following spells:

 Spells                   Type           Power      Damage    Failure   Level
 Foxfire                  Conj/Fire      0%         2x1d4     63%         1
 Kiss of Death            Conj/Necr      0%         2d5       63%         1
 Necrotise                Necr           0%         1d4       63%         1
 Sandblast                Erth           0%         2d4       63%         1
 Summon Small Mammal      Summ           0%         N/A       63%         1
 Passwall                 Tmut/Erth      0%         N/A       77%         2
 Sublimation of Blood     Necr           0%         N/A       77%         2
 Wereblood                Tmut           0%         N/A       77%         2
 Call Canine Familiar     Summ           0%         N/A       94%         3
 Confusing Touch          Hex            0%         N/A       94%         3
 Gell's Gravitas          Tloc           0%         N/A       94%         3
 Ozocubu's Armour         Ice            0%         N/A       94%         3
 Stone Arrow              Conj/Erth      0%         3d7       94%         3
 Summon Guardian Golem    Hex/Summ       0%         N/A       94%         3
 Teleport Other           Tloc           0%         N/A       94%         3
 Vampiric Draining        Necr           0%         2d6       94%         3
 Animate Armour           Summ/Erth      0%         N/A       100%        4
 Dispel Undead            Necr           0%         3d6       100%        4
 Passage of Golubria      Tloc           0%         N/A       100%        4
 Sticky Flame             Conj/Fire      0%         2d3       100%        4
 Agony                    Necr           0%         N/A       100%        5
 Fireball                 Conj/Fire      0%         3d3       100%        5
 Irradiate                Conj/Tmut      0%         3d11      100%        5
 Iskenderun's Battlesphe  Conj           0%         2d6       100%        5
 Metabolic Englaciation   Hex/Ice        0%         N/A       100%        5
 Silence                  Hex/Air        0%         N/A       100%        5
 Conjure Ball Lightning   Conj/Air       0%         3x3d6     100%        6
 Dispersal                Tloc           0%         N/A       100%        6
 Leda's Unmaking          Conj/Erth      0%         9d1       100%        6
 Plasma Beam              Fire/Air       0%         2x1d10    100%        6
 Simulacrum               Ice/Necr       0%         N/A       100%        6
 Starburst                Conj/Fire      0%         6d3       100%        6
 Orb of Destruction       Conj           0%         9d5       100%        7
 Ozocubu's Refrigeration  Ice            0%         4d7       100%        7
 Summon Hydra             Summ           0%         N/A       100%        7
 Discord                  Hex            0%         N/A       100%        8
 Disjunction              Tloc           0%         N/A       100%        8
 Lehudib's Crystal Spear  Conj/Erth      0%         10d2      100%        8
 Chain Lightning          Conj/Air       0%         N/A       100%        9
 Fire Storm               Conj/Fire      0%         5d1       100%        9
 Polar Vortex             Ice            0%         N/A       100%        9
 Shatter                  Erth           0%         3d5*      100%        9

Inventory:

Hand Weapons
 a - a +8 demon trident of flaming
 c - a +1 demon trident of electrocution (weapon)
Missiles
 l - 8 curare-tipped darts {=f}
 w - 6 throwing nets {=f}
Armour
 e - the +3 leather armour of Objectivity {Drain rF+ rC+}
   (You found it on level 15 of the Dungeon)

   rF+:       It protects you from fire.
   rC+:       It protects you from cold.
   Drain:     It drains your maximum health when unequipped.
 g - a +0 pair of boots (worn)
 p - a +0 helmet
 M - a +1 pair of gloves (worn)
 N - +0 swamp dragon scales (worn)
 Q - a +0 kite shield
 V - a +0 buckler (worn)
Jewellery
 j - an amulet of faith {!P}
 k - an amulet of regeneration (around neck)
 v - a ring of see invisible
 C - a ring of protection from cold
 E - a +5 ring of evasion
 L - a ring of flight
 T - a +4 ring of protection (left hand)
 U - a ring of protection from cold
 W - a ring of willpower
 Y - a +4 ring of slaying (right hand)
Wands
 b - a wand of light (9)
 f - a wand of flame (58)
 o - a wand of iceblast (28)
 A - a wand of polymorph (14)
 B - a wand of digging (4)
 K - a wand of paralysis (12)
Scrolls
 d - 3 scrolls of enchant armour
 m - 9 scrolls of fog
 r - 9 scrolls of identify {@r1}
 x - 5 scrolls of teleportation {@r2}
 z - a scroll of immolation
 H - a scroll of revelation
 J - 2 scrolls of vulnerability
 O - a scroll of amnesia
 P - a scroll of torment
 X - a scroll of poison
Potions
 n - 2 potions of curing {@q1}
 q - 3 potions of mutation
 s - a potion of cancellation
 t - 2 potions of attraction
 u - 8 potions of brilliance
 D - 9 potions of ambrosia
 G - 2 potions of lignification
 I - 2 potions of enlightenment
 R - 2 potions of haste {@q3}
 S - a potion of magic
Miscellaneous
 y - a phantom mirror (inert)

Dungeon Overview and Level Annotations

Branches:
Dungeon (15/15)            Temple (0/1) D:6            Lair (5/5) D:8
  Swamp (0/4) Lair:3        Snake (3/4) Lair:3        Slime (0/5) Lair:4
    Orc (2/2) D:12            Elf (0/3) Orc:2        Vaults (0/5) D:14
 Depths (0/4) D:15        Ossuary (visited)

Altars:
Ashenzari
Cheibriados
Dithmenos
Elyvilon
Gozag
Hepliaklqana
Makhleb
Sif Muna
Trog
Vehumet
Wu Jian
Xom
Yredelemnul
Zin
The Shining One
Jiyva

Shops:
D:6 (   D:7 *   Orc:1 !   Orc:2 (*!?   Snake:1 =:[**

Annotations:
D:3 2 transporters
Lair:1 2 transporters, demibob's ghost, journeyman MiCK
Lair:5 2 runed translucent doors, ShinQuickMan's ghost, journeyman HuCj N

* , * , ,, * * , ,
,, , * , ▒▒▒▒▒ , ,
,, , ,▒▒▒▒...▒ , *
,▒▒▒S...yN▒* , ,
▒▒....bSS@▒ * ,, ,
.▒▒▒▒▒▒▒.....▒▒▒▒▒
, ...........▒▒▒
....⌠....▒▒▒ ,
▒.......▒▒** ,
▒.⌠...⌠.▒, , ,
▒......?▒* , , ,
....⌠.... ,
......... * ,


You could see an anaconda (berserk), a moth of wrath, a mana viper (confused), a
black mamba (berserk) and a naga (berserk).


Message History

* * * LOW HITPOINT WARNING * * *
Aiming: Paralyse
Press: ? - help, Shift-Dir - straight line, f/p - anaconda
Aim: an anaconda (moderately wounded, berserk, chance to affect: 45%)
The anaconda resists with some effort.
Your extra speed is starting to run out.
You block the anaconda's attack. The moth of wrath bites you!
* * * LOW HITPOINT WARNING * * *
The moth of wrath infuriates you!
A red film seems to cover your vision as you go berserk!
You feel yourself moving faster!
You feel mighty! The naga hits you with a +0 war axe!
* * * LOW HITPOINT WARNING * * *
Xom roars with laughter!
The naga constricts you.
The black mamba rages.
The anaconda bites you but does no damage.
You barely miss the anaconda. Your headbutt misses the anaconda.
The anaconda is moderately wounded.
The anaconda bites you but does no damage.
The naga misses you. The naga constricts you.
The moth of wrath completely misses you.
You puncture the anaconda!
The anaconda is moderately wounded.
The anaconda barely misses you.
You impale the anaconda!!
The anaconda is severely wounded.
The anaconda misses you. The naga hits you with a +0 war axe!!
You die...
Xom chuckles heartily!

Skill      XL: |  1  2  3  4  5  6  7  8  9 10 11 12 13 14 15 16 |
---------------+-------------------------------------------------+-----
Polearms       | 5 8 9 11 12 14 15 16 17 18 | 18.3
Dodging        | 4 7 10 14 17 18 | 18.3
Fighting       | 4 6 8 10 12 15 17 18 | 18.7
Armour         | 3 5 6 |  6.2
Evocations     | 5 |  5.2
Stealth        | 4 10 | 10.0
Shields        | 8 |  8.2

Action                     |  1- 3 |  4- 6 |  7- 9 | 10-12 | 13-15 | 16-18 || total
---------------------------+-------+-------+-------+-------+-------+-------++-------
  Melee: Spear             |   101 |    97 |   601 |   119 |       |       ||   918
         Punch             |       |     1 |     8 |    11 |    24 |       ||    44
         Trident           |       |       |       |   820 |   484 |       ||  1304
         Demon trident     |       |       |       |       |  1416 |   508 ||  1924
         Headbutt          |       |       |       |       |   200 |    84 ||   284
  Evoke: Wand              |       |       |     2 |     3 |    19 |     5 ||    29
         Phantom mirror    |       |       |       |     1 |     3 |     1 ||     5
    Use: Scroll            |     5 |     2 |     7 |    22 |    15 |     6 ||    57
         Potion            |     2 |     1 |     3 |     3 |     7 |    18 ||    34
   Stab: Paralysed         |     3 |       |    18 |     1 |     3 |       ||    25
         Invisible         |     1 |       |       |     9 |       |     8 ||    18
         Sleeping          |       |     3 |     7 |       |       |    14 ||    24
         Confused          |       |     2 |     3 |     9 |     7 |     3 ||    24
         Petrified         |       |       |     8 |    13 |     8 |       ||    29
         Petrifying        |       |       |     2 |     2 |     2 |       ||     6
         Distracted        |       |       |       |       |     2 |     1 ||     3
 Armour: Leather armour    |    35 |    28 |    83 |       |       |       ||   146
         Swamp dragon scal |       |       |       |   236 |   528 |   174 ||   938
  Dodge: Dodged            |    51 |    25 |   208 |   433 |  1135 |   269 ||  2121
  Block: Other             |       |       |       |    48 |   182 |       ||   230
         Buckler           |       |       |       |       |       |   113 ||   113

Levels and vault maps discovered:
D:1:      doesnt_arrival_eight_statues, layout_basic
D:2:      minmay_general_purpose_star, layout_rooms, minmay_misc_feat_alley,
          uniq_sigmund
D:3:      layout_loops_ring, tgw_sif, gammafunk_temple_overflow_arena,
          uniq_grinder, uniq_natasha
D:4:      corexii_shantytown, layout_cave_pools, uniq_edmund, uniq_pikel
D:5:      layout_cave_pools, nicolae_hepliaklqana_ecumenical_no_more,
          ashenzari_altar_1, minmay_bent, uniq_duvessa
D:6:      layout_basic, nicolae_overflow_quartered_altars,
          mainiacjoe_overflow_cross_hatched, minmay_temple_entry_mist,
          serial_shops, shop, grunt_tough_drop, uniq_maggie
D:7:      layout_loops_ring, tso_oasis_becter, zin_scriptorium,
          minmay_shop_damaged, nicolae_the_louvre
D:8:      layout_gridville, dpeg_oklobed_lair, gup_ossuary_entry_pyramid,
          serial_bayou_pond_e, minmay_misc_feat_more_columns
D:9:      layout_irregular_city, vehumet_crystals, uniq_jeremiah, uniq_harold
D:10:     layout_basic, special_room [special_room_bee], minmay_between,
          uniq_josephine, uniq_fannar
D:11:     minmay_wavy_crystal, layout_basic
D:12:     layout_basic, hiddenorc1_lemuel, portal_ice_cave_entry_ice_simulacra,
          minmay_statues_item, st_stairs_3, bloody_trog
D:13:     layout_roguey, gammafunk_ghost_icy
D:14:     layout_rooms, hellmonk_vaults_keyhole, nicolae_sextant, minivault_1,
          elyvilon_altar_4
D:15:     hellmonk_depths_entry_around_the_bend, layout_long_grid, uniq_nessos
Lair:1:   layout_cave_pods, special_room, nzn_ghost_randoct
Lair:2:   layout_concentric_octagons, pdpol_lair_cavern_descent, uniq_erica
Lair:3:   layout_regular_city, minmay_swamp_entry_swarm, dummy_snake_entry
Lair:4:   layout_small_grid, minmay_slime_entry_eyes, serial_bayou_pond_d,
          minivault_27, lemuel_fruit_tree
Lair:5:   hangedman_lair_in_review, layout_gridlike, wormcave,
          ebering_ghost_inner_flame, uniq_sonja
Snake:1:  layout_onion_interference, serial_shops, shop_fountains,
          minmay_shoptagon, uniq_agnes, uniq_donald
Snake:2:  layout_basic
Snake:3:  layout_layer_cave, serial_shops, nicolae_shop_peninsula,
          nicolae_snake_gridmaze_zigzag, grunt_megastairs_4, minmay_shop_grove,
          uniq_vashnia, uniq_azrael
Orc:1:    layout_diamond_mine, serial_shops, shop, mines2_lemuel
Orc:2:    st_orc_mages, layout_caves, mines1_david

Notes
Turn   | Place    | Note
-------+----------+-------------------------------------------
     0 | D:1      | demibob the Merfolk Chaos Knight began the quest for the
                  | Orb.
     0 | D:1      | Reached XP level 1. HP: 18/18 MP: 1/1
   112 | D:1      | Reached XP level 2. HP: 24/24 MP: 2/2
   222 | D:1      | Reached skill level 5 in Polearms
   385 | D:1      | XOM: cloud trail
   386 | D:1      | XOM: silly message
   634 | D:1      | XOM: divination: detect creatures
   806 | D:1      | Identified a potion of resistance
   851 | D:2      | Reached XP level 3. HP: 28/29 MP: 3/3
   876 | D:2      | Noticed Sigmund
   881 | D:2      | XOM: potion effect (attraction)
   887 | D:2      | XOM: silly message
   889 | D:2      | XOM: potion effect (invisibility)
   899 | D:2      | Killed Sigmund
   900 | D:2      | Reached skill level 8 in Polearms
   900 | D:2      | Reached XP level 4. HP: 29/35 MP: 4/4
   900 | D:2      | Reached XP level 5. HP: 34/41 MP: 5/5
   932 | D:2      | a giant cockroach changed into a shapeshifter
   932 | D:2      | Noticed a shapeshifter (shapeshifter)
   932 | D:2      | a shapeshifter changed into a troll
   932 | D:2      | Noticed a troll (shapeshifter)
   937 | D:2      | XOM: divination: detect items
   941 | D:2      | XOM: noise
   943 | D:2      | XOM: silly message
   946 | D:2      | a troll changed into a meliai
   946 | D:2      | Noticed a meliai (shapeshifter)
   947 | D:2      | Killed a meliai
   948 | D:2      | Reached skill level 9 in Polearms
   948 | D:2      | Reached XP level 6. HP: 45/47 MP: 6/6
   988 | D:2      | XOM: silly message
  1030 | D:2      | XOM: divination: magic mapping
  1104 | D:2      | XOM: silly message
  1139 | D:2      | Reached skill level 10 in Polearms
  1275 | D:3      | Noticed Grinder
  1275 | D:3      | Paralysed by Grinder for 2 turns
  1282 | D:3      | Paralysed by Grinder for 5 turns
  1298 | D:3      | Paralysed by Grinder for 5 turns
  1307 | D:3      | Killed Grinder
  1308 | D:3      | Reached skill level 11 in Polearms
  1308 | D:3      | Reached XP level 7. HP: 22/52 MP: 7/7
  1351 | D:3      | Found a transporter.
  1351 | D:3      | Noticed a steam dragon
  1357 | D:3      | Found a transporter.
  1372 | D:3      | Found an ornate altar of the Wu Jian Council.
  1395 | D:3      | Noticed Natasha
  1407 | D:3      | Killed Natasha
  1432 | D:3      | Noticed Natasha
  1443 | D:3      | Killed Natasha
  1956 | D:3      | Noticed Natasha
  1958 | D:3      | Noticed Jessica
  1964 | D:3      | Killed Natasha
  1970 | D:3      | Killed Jessica
  1976 | D:3      | Found a shimmering blue altar of Sif Muna.
  2519 | D:4      | Identified the +0 robe of the Little Devil {rF+}
  2582 | D:4      | Noticed Edmund
  2584 | D:4      | XOM: divination: magic mapping
  2584 | D:4      | Noticed Pikel
  2590 | D:4      | Killed Edmund
  2591 | D:4      | Reached skill level 12 in Polearms
  2591 | D:4      | Reached XP level 8. HP: 58/58 MP: 8/8
  2593 | D:4      | XOM: potion effect (haste)
  2611 | D:4      | Killed Pikel
  2612 | D:4      | Reached skill level 13 in Polearms
  2992 | D:5      | Entered Level 5 of the Dungeon
  3002 | D:5      | Reached skill level 14 in Polearms
  3002 | D:5      | Reached skill level 3 in Dodging
  3014 | D:5      | XOM: silly message
  3059 | D:5      | Reached skill level 4 in Fighting
  3106 | D:5      | Reached skill level 4 in Dodging
  3106 | D:5      | Reached XP level 9. HP: 65/65 MP: 9/9
  3107 | D:5      | Found a broken altar of Ashenzari.
  3117 | D:5      | Noticed Dowan
  3117 | D:5      | Noticed Duvessa
  3118 | D:5      | XOM: potion effect (haste)
  3119 | D:5      | Killed Dowan
  3123 | D:5      | Killed Duvessa
  3305 | D:5      | XOM: divination: magic mapping
  3310 | D:5      | Reached skill level 5 in Dodging
  3445 | D:5      | Found a faded altar of an unknown god.
  3445 | D:5      | Found a faded altar of an unknown god.
  3447 | D:5      | Found a hazy altar of Hepliaklqana.
  3534 | D:5      | Reached skill level 5 in Fighting
  3814 | D:6      | Found a burning altar of Makhleb.
  3822 | D:6      | Noticed Maggie
  3846 | D:6      | XOM: potion effect (brilliance)
  3858 | D:6      | XOM: noise
  3861 | D:6      | XOM: confuse monster(s)
  3877 | D:6      | XOM: enchant monster (bad)
  3916 | D:6      | Killed Maggie
  3917 | D:6      | Reached skill level 6 in Fighting
  3917 | D:6      | Reached skill level 6 in Dodging
  3921 | D:6      | Reached skill level 15 in Polearms
  3966 | D:6      | Found a staircase to the Ecumenical Temple.
  4104 | D:6      | XOM: noise
  4120 | D:6      | Found a snail-covered altar of Cheibriados.
  4181 | D:6      | Found a basalt altar of Yredelemnul.
  4192 | D:6      | Found an opulent altar of Gozag.
  4348 | D:6      | XOM: silly message
  4375 | D:6      | Found Uzaenn's Antique Weapon Boutique.
  4457 | D:6      | XOM: silly message
  4514 | D:6      | Reached skill level 7 in Dodging
  4591 | D:6      | Found a shadowy altar of Dithmenos.
  4788 | D:7      | Reached XP level 10. HP: 71/77 MP: 10/10
  4799 | D:7      | Found Ziceuh's Lightly-Used Armoury.
  4807 | D:7      | Bought a -1 demon trident for 140 gold pieces
  4875 | D:7      | XOM: potion effect (berserk rage)
  5018 | D:7      | Found a glowing silver altar of Zin.
  5106 | D:7      | Reached skill level 1 in Armour
  5163 | D:7      | Found a glowing golden altar of the Shining One.
  5292 | D:7      | Reached skill level 7 in Fighting
  5468 | D:8      | Found a sand-covered staircase.
  5477 | Ossuary  | Entered an ossuary
  5545 | Ossuary  | XOM: scenery: 1 doors open
  5561 | Ossuary  | XOM: enchant monster (good)
  5826 | D:8      | Found a staircase to the Lair.
  5838 | D:8      | XOM: 2-stop teleportation journey
  5905 | D:8      | Reached skill level 2 in Armour
  6106 | D:8      | XOM: 1-stop teleportation journey
  6296 | Lair:1   | Entered Level 1 of the Lair of Beasts
  6296 | Lair:1   | Noticed a cane toad
  6306 | D:8      | XOM: enchant monster (bad)
  6319 | D:8      | Killed a cane toad
  6320 | D:8      | Reached skill level 16 in Polearms
  6362 | Lair:1   | Noticed a black mamba
  6370 | Lair:1   | Killed a black mamba
  6371 | Lair:1   | Reached skill level 8 in Fighting
  6423 | Lair:1   | Noticed a black mamba
  6429 | Lair:1   | XOM: noise
  6431 | Lair:1   | Killed a black mamba
  6432 | Lair:1   | Reached skill level 3 in Armour
  6615 | Lair:1   | XOM: butterfly on damage
  6622 | Lair:1   | XOM: potion effect (might)
  6729 | Lair:1   | Noticed a black mamba
  6758 | Lair:1   | XOM: cast spell 'Olgreb's Toxic Radiance'
  6760 | Lair:1   | XOM: confuse monster(s)
  6763 | Lair:1   | XOM: cleaving
  6764 | Lair:1   | Killed a black mamba
  6765 | Lair:1   | Reached XP level 11. HP: 51/87 MP: 11/11
  6811 | Lair:1   | Reached skill level 9 in Fighting
  6840 | Lair:1   | XOM: god gift: scroll labelled XUHINK BYREGAY {god gift}
  6970 | Lair:1   | Reached skill level 4 in Armour
  6999 | Lair:1   | Found a transporter.
  7004 | Lair:1   | Noticed demibob's ghost (journeyman MiCK)
  7045 | Lair:1   | Found a transporter.
  7330 | Lair:1   | XOM: scenery: summon butterflies
  7483 | Lair:2   | XOM: give mutations
  7483 | Lair:2   | Gained mutation: Your muscles are strong. (Str +4, Int/Dex
                  | -1) [Xom's grace]
  7483 | Lair:2   | Gained mutation: You passively map a small area around you.
                  | [Xom's grace]
  7483 | Lair:2   | Gained mutation: Your natural rate of healing is unusually
                  | fast. [Xom's grace]
  7515 | Lair:2   | XOM: divine lightning
  7630 | Lair:2   | XOM: scenery: summon butterflies
  7642 | Lair:2   | Reached skill level 17 in Polearms
  7649 | Lair:2   | XOM: divine lightning
  7690 | Lair:2   | XOM: enchant monster (good)
  7716 | Lair:2   | XOM: god gift: wand of iceblast (5)
  7719 | Lair:2   | XOM: give mutations
  7719 | Lair:2   | Gained mutation: Your system is resistant to poisons.
                  | (rPois) [Xom's grace]
  7719 | Lair:2   | Gained mutation: You are partially covered in large bone
                  | plates. (SH +4) [Xom's grace]
  7719 | Lair:2   | Gained mutation: You are somewhat resistant to further
                  | mutation. [Xom's grace]
  7807 | Lair:2   | XOM: summons friendly iron imp
  7817 | Lair:2   | Noticed a six-headed hydra
  7818 | Lair:2   | XOM: fog
  7820 | Lair:2   | XOM: enchant monster (good)
  7821 | Lair:2   | Reached skill level 10 in Fighting
  7827 | Lair:2   | XOM: confuse monster(s)
  7848 | Lair:2   | Killed a six-headed hydra
  7849 | Lair:2   | Reached skill level 5 in Armour
  7913 | Lair:2   | XOM: polymorph rime drake -> shapeshifter
  7913 | Lair:2   | a shapeshifter changed into a salamander
  7913 | Lair:2   | Noticed a salamander (shapeshifter)
  7927 | Lair:2   | Killed a salamander
  7938 | Lair:2   | Noticed Erica
  7950 | Lair:2   | XOM: polymorph basilisk -> naga
  7963 | Lair:2   | Killed Erica
  7977 | Lair:2   | Reached XP level 12. HP: 47/99 MP: 12/12
  8008 | Lair:2   | XOM: scenery: create altars
  8186 | Lair:2   | You fall into a shaft and drop 2 floors!
  8243 | Lair:3   | XOM: divine lightning
  8279 | Lair:3   | XOM: snakes to sticks
  8303 | Lair:3   | Reached skill level 11 in Fighting
  8303 | Lair:3   | Reached skill level 18 in Polearms
  8354 | Lair:3   | Noticed a catoblepas
  8370 | Lair:3   | Killed a catoblepas
  8371 | Lair:3   | Reached skill level 6 in Armour
  8446 | Lair:3   | XOM: confuse monster(s)
  8468 | Lair:3   | Found a staircase to the Snake Pit.
  8521 | Lair:3   | XOM: summons 2 friendly demons
  8522 | Lair:3   | XOM: polymorph ufetubus -> cerulean imp
  8551 | Lair:3   | XOM: smoke on damage
  8564 | Lair:3   | Reached skill level 8 in Dodging
  8579 | Lair:3   | XOM: scenery: 1 doors open
  8587 | Lair:3   | XOM: cloud trail
  8629 | Lair:3   | XOM: god gift: Xom's Anthology of Victory {god gift}
  8630 | Lair:3   | Got Xom's Anthology of Victory {god gift}
  8828 | Lair:3   | Found a staircase to the Swamp.
  8853 | Lair:3   | XOM: confuse monster(s)
  9378 | Lair:4   | XOM: swap monsters
  9416 | Lair:4   | Reached skill level 12 in Fighting
  9520 | Lair:4   | XOM: polymorph yak -> culicivora
  9525 | Lair:4   | XOM: cleaving
  9528 | Lair:4   | XOM: summons friendly white imp
  9536 | Lair:4   | Reached skill level 9 in Dodging
  9572 | Lair:4   | XOM: summons friendly shadow imp
  9630 | Lair:4   | XOM: god gift: book of Chaos
  9686 | Lair:4   | Paralysed by a floating eye for 3 turns
  9687 | Lair:4   | XOM: cleaving
  9693 | Lair:4   | Found a staircase to the Slime Pits.
  9693 | Lair:4   | Found a viscous altar of Jiyva.
  9938 | Lair:4   | XOM: butterfly on damage
 10063 | Lair:4   | XOM: god gift: 51 gold pieces
 10081 | Lair:5   | Entered Level 5 of the Lair of Beasts
 10088 | Lair:5   | XOM: confuse monster(s)
 10094 | Lair:4   | XOM: potion effect (invisibility)
 10096 | Lair:4   | Reached skill level 10 in Dodging
 10118 | Lair:5   | XOM: divination: detect items
 10141 | Lair:5   | XOM: cast spell 'Alistair's Intoxication'
 10153 | Lair:5   | XOM: divination: magic mapping
 10155 | Lair:5   | XOM: 1-stop teleportation journey
 10199 | Lair:5   | XOM: summons 3 hostile shadow creatures
 10224 | Lair:5   | XOM: enchant monster (bad)
 10226 | Lair:5   | XOM: give mutations
 10226 | Lair:5   | Gained mutation: You have supernaturally acute eyesight.
                  | (SInv) [Xom's grace]
 10226 | Lair:5   | Gained mutation: You passively map the area around you.
                  | [Xom's grace]
 10226 | Lair:5   | Gained mutation: You have an increased reservoir of magic.
                  | (+10% MP) [Xom's grace]
 10228 | Lair:5   | XOM: confuse monster(s)
 10243 | Lair:5   | Reached XP level 13. HP: 109/109 MP: 14/14
 10245 | Lair:5   | Reached skill level 13 in Fighting
 10266 | Lair:5   | Reached skill level 11 in Dodging
 10281 | Lair:5   | XOM: cleaving
 10437 | Lair:5   | Found a runed translucent door.
 10438 | Lair:5   | Noticed an ice dragon
 10459 | Lair:5   | XOM: god gift: 2 stones
 10464 | Lair:5   | XOM: god gift: shiny bone wand {god gift}
 10483 | Lair:5   | XOM: scenery: summon butterflies
 10557 | Lair:5   | XOM: fog
 10571 | Lair:5   | XOM: swap monsters
 10573 | Lair:5   | XOM: divination: detect creatures
 10581 | Lair:5   | Reached skill level 12 in Dodging
 10668 | Lair:5   | XOM: enchant monster (good)
 10672 | Lair:5   | XOM: give mutations
 10672 | Lair:5   | Gained mutation: You are occasionally teleported next to
                  | monsters. [Xom's mischief]
 10672 | Lair:5   | Gained mutation: You are strong-willed. (Will+) [Xom's
                  | mischief]
 10672 | Lair:5   | Lost mutation: Your system is resistant to poisons. (rPois)
                  | [Xom's mischief]
 10714 | Lair:5   | XOM: summons friendly iron imp
 10720 | Lair:5   | XOM: cast spell 'Call Canine Familiar'
 10807 | Lair:5   | Noticed Sonja
 10811 | Lair:5   | Sonja changed into Sonja the steam dragon
 10811 | Lair:5   | Noticed Sonja
 10815 | Lair:5   | Killed Sonja the steam dragon
 10827 | Lair:5   | XOM: enchant monster (good)
 10831 | Lair:5   | Reached skill level 14 in Fighting
 10919 | Lair:5   | Found a runed translucent door.
 10923 | Lair:5   | Noticed ShinQuickMan's ghost (journeyman HuCj)
 11005 | Lair:5   | Reached skill level 13 in Dodging
 11033 | Lair:5   | XOM: confusion
 11036 | Lair:5   | XOM: polymorph cane toad -> culicivora
 11079 | Lair:5   | XOM: scenery: summon butterflies
 11087 | Lair:5   | XOM: summons 7 hostile demons
 11093 | Lair:5   | XOM: 5-stop teleportation journey
 11119 | Lair:5   | XOM: noise
 11141 | Lair:5   | XOM: blink monster(s)
 11220 | Lair:5   | XOM: summons friendly shadow imp
 11339 | Lair:5   | XOM: blink monster(s)
 11342 | Lair:5   | XOM: 2-stop teleportation journey
 11377 | Lair:5   | XOM: give mutations
 11377 | Lair:5   | Gained mutation: You are partially covered in iridescent
                  | scales. (AC +2) [Xom's mischief]
 11377 | Lair:5   | Lost mutation: Your muscles are strong. (Str +4, Int/Dex
                  | -1) [Xom's mischief]
 11523 | Lair:5   | XOM: cast spell 'Summon Dragon'
 11624 | Lair:5   | Reached skill level 14 in Dodging
 11626 | Lair:5   | Reached skill level 15 in Fighting
 11645 | Lair:5   | Reached XP level 14. HP: 123/123 MP: 15/15
 11667 | Lair:5   | XOM: summons 1 hostile shadow creature
 11685 | Lair:5   | Noticed a dire elephant
 11685 | Lair:5   | Found the +3 giant club "Skullcrusher" {speed, Str+7}
 11702 | Lair:5   | Killed a dire elephant
 11724 | Lair:5   | >>bow
 11992 | Lair:4   | Paralysed by a floating eye for 4 turns
 12253 | D:9      | Noticed Jeremiah
 12258 | D:9      | XOM: give mutations
 12258 | D:9      | Lost mutation: You are occasionally teleported next to
                  | monsters. [Xom's mischief]
 12258 | D:9      | Gained mutation: You are frail. (-10% HP) [Xom's mischief]
 12258 | D:9      | Lost mutation: Your natural rate of healing is unusually
                  | fast. [Xom's mischief]
 12258 | D:9      | Gained mutation: You occasionally lose the ability to drink
                  | potions when taking damage. [Xom's mischief]
 12264 | D:9      | Jeremiah changed into Jeremiah the cyclops
 12264 | D:9      | Noticed Jeremiah
 12264 | D:9      | XOM: polymorph Jeremiah -> Jeremiah the cyclops
 12274 | D:9      | Killed Jeremiah the cyclops
 12275 | D:9      | Reached skill level 15 in Dodging
 12361 | D:9      | XOM: cast spell 'Dispersal'
 12392 | D:9      | Noticed Harold
 12401 | D:9      | Killed Harold
 12455 | D:9      | XOM: noise
 12640 | D:9      | Found a radiant altar of Vehumet.
 12697 | D:9      | XOM: summons 14 friendly demons
 12913 | D:9      | XOM: divination: detect creatures
 12955 | D:10     | Entered Level 10 of the Dungeon
 13202 | D:10     | Noticed Josephine
 13224 | D:10     | Killed Josephine
 13234 | D:10     | XOM: polymorph yak -> black mamba
 13237 | D:10     | XOM: fake destruction
 13250 | D:10     | XOM: cleaving
 13261 | D:10     | Reached skill level 16 in Fighting
 13319 | D:10     | XOM: cleaving
 13333 | D:10     | XOM: fog
 13450 | D:10     | Noticed Fannar
 13478 | D:10     | Killed Fannar
 14103 | D:10     | Reached skill level 16 in Dodging
 14292 | D:11     | XOM: confuse monster(s)
 14355 | D:11     | XOM: 1-stop teleportation journey
 14357 | D:11     | XOM: summons 2 hostile shadow creatures
 14362 | D:11     | XOM: chaos cloud
 14445 | D:11     | XOM: cloud trail
 14483 | D:11     | Got the Atlas of Clay and Imprecation
 14519 | D:11     | XOM: give mutations
 14519 | D:11     | Gained mutation: You are mostly covered in iridescent
                  | scales. (AC +4) [Xom's mischief]
 14519 | D:11     | Lost mutation: You passively map the area around you.
                  | [Xom's mischief]
 14519 | D:11     | Gained mutation: You are weak. (Str -2) [Xom's mischief]
 14533 | D:11     | XOM: scenery: summon butterflies
 14553 | D:11     | XOM: god gift: +1 bardiche of chaos
 14584 | D:11     | XOM: cloud trail
 14868 | D:11     | XOM: silly message
 15016 | D:11     | XOM: potion effect (might)
 15017 | D:11     | XOM: summons friendly ynoxinul
 15040 | D:11     | XOM: give mutations
 15040 | D:11     | Gained mutation: You have a pair of small horns on your
                  | head. [Xom's grace]
 15040 | D:11     | Gained mutation: You are covered in fur. (AC +1) [Xom's
                  | grace]
 15346 | D:12     | Found a bloodstained altar of Trog.
 15346 | D:12     | XOM: 8-stop teleportation journey
 15429 | D:12     | XOM: summons 8 friendly demons
 15563 | D:12     | XOM: summons friendly ufetubus
 15641 | D:12     | XOM: god gift: 331 gold pieces
 15666 | D:12     | Found a frozen archway.
 15669 | D:12     | XOM: confuse monster(s)
 15850 | D:12     | XOM: cast spell 'Summon Ice Beast'
 15973 | D:12     | XOM: destruction
 16057 | D:12     | Found a staircase to the Orcish Mines.
 16133 | Orc:1    | Entered Level 1 of the Orcish Mines
 16155 | Orc:1    | XOM: god gift: 6 stones
 16172 | Orc:1    | Reached skill level 17 in Fighting
 16172 | Orc:1    | Reached skill level 17 in Dodging
 16185 | Orc:1    | XOM: give mutations
 16185 | Orc:1    | Gained mutation: You expend magic power (3 MP) to
                  | strengthen your wands. [Xom's grace]
 16185 | Orc:1    | Gained mutation: Your mind is acute. (Int +4, Str/Dex -1)
                  | [Xom's grace]
 16185 | Orc:1    | Gained mutation: You possess an exceptional clarity of
                  | mind. [Xom's grace]
 16185 | Orc:1    | Gained mutation: You are completely covered in iridescent
                  | scales. (AC +6) [Xom's grace]
 16402 | Orc:1    | XOM: 1-stop teleportation journey
 16474 | Orc:1    | Found Ojeilour's Distillery.
 16474 | Orc:1    | XOM: 8-stop teleportation journey
 16814 | Orc:2    | Entered Level 2 of the Orcish Mines
 16827 | Orc:2    | Noticed an orc warlord
 16831 | Orc:2    | Reached XP level 15. HP: 120/120 MP: 6/16
 16845 | Orc:1    | XOM: enchant monster (good)
 16847 | Orc:1    | XOM: enchant monster (good)
 16859 | Orc:1    | Killed an orc warlord
 16885 | Orc:2    | XOM: cast spell 'Summon Mana Viper'
 16888 | Orc:2    | Noticed an orc warlord
 16925 | Orc:1    | Killed an orc warlord
 17006 | Orc:2    | XOM: summons 6 friendly demons
 17049 | Orc:2    | Found Deiceid's Antique Weapon Emporium.
 17049 | Orc:2    | Found Serghar's Assorted Antiques.
 17050 | Orc:2    | Found Qinlecu's Magic Scroll Shoppe.
 17059 | Orc:2    | Found Latiapi's Distillery.
 17065 | Orc:2    | Bought a potion of heal wounds for 65 gold pieces
 17065 | Orc:2    | Bought a potion of curing for 39 gold pieces
 17065 | Orc:2    | Bought a potion of curing for 39 gold pieces
 17066 | Orc:2    | Bought a scroll of enchant armour for 112 gold pieces
 17066 | Orc:2    | Bought a scroll of enchant weapon for 112 gold pieces
 17066 | Orc:2    | Bought a scroll of teleportation for 45 gold pieces
 17066 | Orc:2    | Bought a scroll of fog for 60 gold pieces
 17066 | Orc:2    | Bought a scroll of teleportation for 45 gold pieces
 17067 | Orc:2    | Bought a potion of heal wounds for 90 gold pieces
 17067 | Orc:2    | Bought a scroll of enchant armour for 135 gold pieces
 17079 | Orc:2    | Found a staircase to the Elven Halls.
 17080 | Orc:2    | XOM: cleaving
 17084 | Orc:2    | XOM: cast spell 'Summon Hydra'
 17131 | Orc:2    | Reached skill level 18 in Dodging
 17259 | Orc:2    | XOM: cleaving
 17283 | Orc:2    | XOM: cast spell 'Summon Ice Beast'
 17613 | Orc:2    | Upgraded the game from 0.31-a0-744-gbc345e7fcb to
                  | 0.31-a0-750-gfe7b580527
 17776 | D:13     | XOM: summons 2 hostile demons
 17941 | D:13     | Noticed ytrimaz's ghost (journeyman DrSh)
 17990 | D:13     | Found a runed translucent gate.
 17990 | D:13     | Found a runed translucent gate.
 17990 | D:13     | Found a runed translucent gate.
 18130 | D:13     | XOM: cloud trail
 18206 | D:13     | Reached skill level 18 in Fighting
 18206 | D:13     | Reached skill level 1 in Evocations
 18255 | D:13     | XOM: summons friendly white imp
 18276 | D:13     | XOM: divine lightning
 18281 | D:13     | Reached skill level 2 in Evocations
 18347 | D:13     | XOM: scenery: 1 doors close
 18350 | D:13     | Killed ytrimaz's ghost
 18423 | D:13     | Identified the ring "Feluk" {Fire rElec Will- Int+5}
 18538 | D:14     | Found a white marble altar of Elyvilon.
 18586 | D:14     | XOM: cloud trail
 18687 | D:14     | Reached skill level 3 in Evocations
 18708 | D:14     | XOM: summons friendly shadow imp
 18870 | D:14     | XOM: summons 3 friendly demons
 18925 | D:14     | XOM: scenery: create altars
 19004 | D:14     | Reached skill level 4 in Evocations
 19055 | D:14     | XOM: confuse monster(s)
 19087 | D:14     | XOM: noise
 19093 | D:14     | XOM: cast spell 'Leda's Liquefaction'
 19098 | D:14     | XOM: cast spell 'Discord'
 19116 | D:14     | Reached skill level 5 in Evocations
 19147 | D:14     | Found a gate to the Vaults.
 19362 | D:10     | XOM: silly message
 19539 | D:15     | Entered Level 15 of the Dungeon
 19564 | D:15     | XOM: noise
 19570 | D:15     | Reached skill level 1 in Stealth
 19585 | D:15     | XOM: confuse monster(s)
 19589 | D:15     | Reached skill level 2 in Stealth
 19597 | D:15     | Reached skill level 3 in Stealth
 19631 | D:15     | XOM: potion effect (brilliance)
 19640 | D:15     | Reached skill level 4 in Stealth
 19644 | D:15     | XOM: enchant monster (good)
 19649 | D:15     | Reached XP level 16. HP: 83/130 MP: 17/17
 19697 | D:15     | XOM: noise
 19717 | D:15     | Reached skill level 5 in Stealth
 19836 | D:15     | XOM: divination: detect creatures
 19878 | D:15     | Reached skill level 6 in Stealth
 19967 | D:15     | Found a staircase to the Depths.
 20029 | D:15     | Identified the +3 leather armour of Objectivity {Drain rF+
                  | rC+}
 20035 | D:15     | Noticed Nessos
 20048 | D:15     | Killed Nessos
 20053 | D:15     | XOM: enchant monster (good)
 20054 | D:15     | XOM: enchant monster (good)
 20063 | D:15     | Reached skill level 7 in Stealth
 20108 | D:15     | Reached skill level 8 in Stealth
 20123 | D:15     | XOM: divination: detect creatures
 20263 | D:15     | Reached skill level 9 in Stealth
 20689 | Snake:1  | Entered Level 1 of the Snake Pit
 20764 | Snake:1  | XOM: divination: magic mapping
 20780 | Snake:1  | Found Jebbocs's Assorted Antiques.
 20789 | Snake:1  | Identified the +6 scale mail "Nuofaiha" {rN+ rCorr Str-2}
 20891 | Snake:1  | Found Wazxae Hotho's General Store.
 20927 | Snake:1  | Reached skill level 10 in Stealth
 20960 | Snake:1  | >>lul
 20979 | Snake:1  | Bought a wand of light (4) for 235 gold pieces
 20991 | Snake:1  | Reached skill level 1 in Shields
 21046 | Snake:1  | Reached skill level 2 in Shields
 21053 | Snake:1  | Noticed Agnes
 21059 | Snake:1  | Killed Agnes
 21070 | Snake:1  | XOM: 1-stop teleportation journey
 21075 | Snake:1  | Reached skill level 3 in Shields
 21223 | Snake:1  | Found Tamok's Armour Boutique.
 21223 | Snake:1  | Found Ladoesun's Book Shop.
 21226 | Snake:1  | Found Bioffoass's Jewellery Shop.
 21253 | Snake:1  | XOM: noise
 21254 | Snake:1  | XOM: enchant monster (good)
 21300 | Snake:1  | Bought a +4 ring of slaying for 936 gold pieces
 21371 | Snake:1  | Noticed Donald
 21381 | Snake:1  | Reached skill level 4 in Shields
 21391 | Snake:1  | Killed Donald
 21731 | Snake:2  | Reached skill level 5 in Shields
 21768 | Snake:2  | XOM: give mutations
 21768 | Snake:2  | Lost mutation: Your mind is acute. (Int +4, Str/Dex -1)
                  | [Xom's mischief]
 21768 | Snake:2  | Lost mutation: You are partially covered in large bone
                  | plates. (SH +4) [Xom's mischief]
 21768 | Snake:2  | Lost mutation: You possess an exceptional clarity of mind.
                  | [Xom's mischief]
 21830 | Snake:2  | XOM: confuse monster(s)
 21924 | Snake:2  | Reached skill level 6 in Shields
 21973 | Snake:2  | XOM: enchant monster (good)
 22380 | Snake:2  | XOM: 1-stop teleportation journey
 22448 | Snake:2  | Lost mutation: You are completely covered in iridescent
                  | scales. (AC +6) [potion of mutation]
 22448 | Snake:2  | Lost mutation: You have an increased reservoir of magic.
                  | (+10% MP) [potion of mutation]
 22448 | Snake:2  | Lost mutation: You are weak. (Str -2) [potion of mutation]
 22454 | Snake:2  | Reached skill level 7 in Shields
 22458 | Snake:2  | XOM is BORED!
 22458 | Snake:2  | XOM: stat loss: -3 Int (9/12)
 22526 | Snake:2  | XOM: swap monsters
 22527 | Snake:2  | XOM: enchant monster (bad)
 22535 | Snake:2  | XOM: swap monsters
 22746 | Snake:2  | XOM: cleaving
 23024 | Snake:3  | XOM: divination: detect creatures
 23029 | Snake:3  | XOM: swap monsters
 23036 | Snake:3  | >>die here
 23036 | Snake:3  | HP: 12/130 [anaconda[a naga ritualist] (13)]
 23037 | Snake:3  | XOM: polymorph naga ritualist -> moth of wrath
 23037 | Snake:3  | HP: 4/130 [mana viper[a naga ritualist] (7)]
 23038 | Snake:3  | HP: 1/130 [anaconda[a naga ritualist] (4)]
 23052 | Snake:3  | Reached skill level 8 in Shields
 23053 | Snake:3  | XOM: scenery: summon butterflies
 23076 | Snake:3  | HP: 7/130 [moth of wrath (14)]
 23076 | Snake:3  | HP: 3/195 [naga/+0 war axe (8)]
 23079 | Snake:3  | Annihilated by a naga

Vanquished Creatures
  Donald (Snake:1)
  2 orc warlords (Orc:1)
  An ironbound thunderhulk (D:14)
  Nessos (D:15)
  A dire elephant (Lair:5)
  A blizzard demon (D:13)
  A crystal guardian (D:15)
  A fire dragon (D:11)
  The ghost of ytrimaz the Metamorph, a journeyman DrSh of Hepliaklqana (D:13)
  Josephine (D:10)
  A vault guard (D:14)
  Fannar (D:10)
  Harold (D:9)
  An ogre mage (D:15)
  3 catoblepae
  A salamander tyrant (Snake:2)
  A two-headed ogre (D:11)
  4 hydras
  6 centaur warriors
  2 anacondas
  3 boulder beetles
  Erica (Lair:2)
  3 naga warriors
  A tengu warrior (D:15)
  A naga sharpshooter (Snake:1)
  2 orc high priests (Orc:2)
  A deep troll earth mage (D:15)
  2 shock serpents (Snake:1)
  A skyshark (Lair:5)
  2 salamander mystics (Snake:2)
  A naga ritualist (Snake:2)
  2 lindwurms (Lair:5)
  Pikel (D:4)
  2 orc knights
  A wizard (D:14)
  3 deep elf pyromancers
  A wolf spider (D:15)
  23 ugly things
  2 orc sorcerers (Orc:2)
  4 mana vipers
  3 cyclopes
  4 salamanders
  A salamander (shapeshifter) (Lair:2)
  2 elephants (Lair:2)
  4 manticores
  7 torpor snails
  An eye of devastation (Lair:4)
  27 black mambas
  8 cane toads
  Maggie (D:6)
  A guardian serpent (Lair:3)
  2 gargoyles
  8 naga magi
  A yaktaur (shapeshifter) (D:14)
  5 komodo dragons
  2 unseen horrors
  7 rime drakes
  2 tengu conjurers (D:15)
  A yaktaur (D:15)
  A queen bee (D:10)
  An ice devil (D:13)
  A troll (shapeshifter) (D:13)
  3 meliai (D:14)
  A meliai (shapeshifter) (D:2)
  2 polar bears
  7 trolls
  4 tyrant leeches (Lair:5)
  A tarantella (shapeshifter) (D:15)
  10 hornets
  Grinder (D:3)
  13 blink frogs
  6 dream sheep (Lair:5)
  12 slime creatures
  7 centaur simulacra (D:13)
  Sigmund (D:2)
  2 culicivoras
  2 vampires
  A shadow (D:9)
  40 yaks
  5 wyverns
  7 wraiths
  4 fire bats (Lair:5)
  5 basilisks
  A human (shapeshifter) (D:14)
  A death yak simulacrum (D:12)
  A human (D:14)
  13 vampire mosquitoes
  A steam dragon (D:8)
  Edmund (D:4)
  4 wargs (Orc:2)
  2 acid dragons
  26 nagas
  A floating eye (Lair:4)
  33 orc warriors
  11 water moccasins
  Duvessa (D:5)
  A meliai simulacrum (D:13)
  2 black bears
  A wolf (Lair:5)
  6 ogres
  A phantom (D:5)
  16 centaurs
  4 lemures (D:4)
  A kobold brigand (D:10)
  12 bullfrogs
  4 gnoll sergeants
  A two-headed ogre simulacrum (D:12)
  2 scorpions
  15 wights
  Dowan (D:5)
  An elephant simulacrum (D:12)
  25 killer bees (D:10)
  5 electric eels
  3 howler monkeys
  4 hounds
  A jelly (D:6)
  A gnoll bouda (D:8)
  15 orc priests
  Jessica (D:3)
  27 orc wizards
  Natasha (thrice) (D:3)
  6 iguanas
  3 sleepcaps
  7 hell rats (Lair:4)
  3 troll simulacra (D:12)
  9 mummies
  24 gnolls
  A naga simulacrum (D:12)
  4 adders
  A shadow imp (D:6)
  2 white imps
  4 ufetubi (D:5)
  3 worms (D:2)
  99 orcs
  4 endoplasms
  2 giant cockroaches (D:1)
  A gnoll zombie (Ossuary)
  9 goblins
  10 hobgoblins
  6 jackals
  3 quokkas
  10 ball pythons
  5 bats
  3 frilled lizards
  A hobgoblin zombie (Ossuary)
  23 kobolds
  3 kobold zombies (Ossuary)
  3 orc zombies (Ossuary)
  11 rats
822 creatures vanquished.

Vanquished Creatures (collateral kills)
  Agnes (Snake:1)
  A hydra (Lair:5)
  A catoblepas (Lair:5)
  A two-headed ogre (D:9)
  A lindwurm (Lair:5)
  A manticore (Lair:5)
  3 orc sorcerers (Orc:2)
  4 ugly things
  An elephant (Lair:2)
  A black mamba (Lair:5)
  A gargoyle (D:12)
  2 cane toads (Lair:5)
  A rime drake (Lair:5)
  4 yaks (Lair:5)
  A steam dragon (Lair:5)
  A naga (Snake:1)
  A water moccasin (Lair:4)
  5 orc warriors (Orc:2)
  2 ogres (Orc:2)
  5 orc priests (Orc:2)
  8 orc wizards
  A troll simulacrum (D:12)
  12 orcs
59 creatures vanquished.

Vanquished Creatures (others)
  A dancing weapon (Orc:2)
  An ugly thing (D:15)
  A blink frog (Lair:2)
  2 yaks (Lair:3)
  An orc zombie (D:4)
6 creatures vanquished.

Grand Total: 887 creatures vanquished

Table legend: (Time is in decaauts)
 A = Elapsed time spent in this place.
 B = Non-inter-level travel time spent in this place.
 C = Inter-level travel time spent in this place.
 D = Time resting spent in this place.
 E = Time spent auto-exploring this place.
 F = Levels seen in this place.
 G = Mean time per level.
                   A        B        C        D        E       F      G
               +--------+--------+--------+--------+--------+-----+--------+
         Total |  21434 |  20065 |   1369 |    814 |  14379 |  26 |  824.4 |
       Dungeon |  12118 |  11181 |    937 |    540 |   8053 |  15 |  807.9 |
          Lair |   5496 |   5209 |    287 |    174 |   3686 |   5 | 1099.2 |
     Snake Pit |   2213 |   2160 |     53 |     92 |   1605 |   3 |  737.7 |
  Orcish Mines |   1393 |   1302 |     91 |      7 |    926 |   2 |  696.5 |
       Ossuary |    211 |    211 |      0 |      0 |    109 |   1 |  211.0 |
               +--------+--------+--------+--------+--------+-----+--------+

Top non-repeatable levels by time:
  Lair:5: 1677 daAuts
    D:10: 1226 daAuts
 Snake:2: 1211 daAuts
    D:11: 1115 daAuts
  Lair:3: 1072 daAuts
  Lair:1: 1050 daAuts
     D:6: 980 daAuts
 Snake:1: 947 daAuts
     D:3: 920 daAuts
  Lair:4: 905 daAuts
    D:12: 872 daAuts
    D:13: 839 daAuts
     D:1: 831 daAuts
    D:15: 820 daAuts
     D:9: 818 daAuts

Table legend:
 A = Non-vault XP
 B = Vault XP
 C = Vault XP percentage of total XP
 D = Non-vault monster count
 E = Vault monster count
 F = Vault count percentage of total count
                 A         B        C        D         E       F
            +---------+---------+-------+---------+---------+-------
      Total |  125185 |   51845 |  29.3 |     621 |     258 |  29.4
            +---------+---------+-------+---------+---------+-------
        D:1 |      33 |       0 |   0.0 |      23 |       0 |   0.0
        D:2 |      47 |     534 |  91.9 |      23 |       4 |  14.8
        D:3 |      82 |     345 |  80.8 |       9 |       3 |  25.0
        D:4 |      38 |     923 |  96.0 |       8 |      37 |  82.2
        D:5 |     678 |     401 |  37.2 |      23 |       9 |  28.1
        D:6 |     929 |     482 |  34.2 |      20 |       3 |  13.0
        D:7 |     608 |       0 |   0.0 |      18 |       0 |   0.0
        D:8 |    1922 |      18 |   0.9 |      31 |       1 |   3.1
        D:9 |    2072 |    1406 |  40.4 |      15 |       2 |  11.8
       D:10 |    2999 |    5673 |  65.4 |      29 |      39 |  57.4
       D:11 |    4701 |    1728 |  26.9 |      22 |       3 |  12.0
       D:12 |    4268 |    1291 |  23.2 |      28 |      27 |  49.1
       D:13 |    5624 |    4650 |  45.3 |      13 |      13 |  50.0
       D:14 |   12411 |    2745 |  18.1 |      29 |       5 |  14.7
       D:15 |   14465 |    5886 |  28.9 |      32 |       8 |  20.0
     Lair:1 |    3874 |       0 |   0.0 |      12 |       0 |   0.0
     Lair:2 |    6223 |    1110 |  15.1 |      18 |       2 |  10.0
     Lair:3 |    7701 |     525 |   6.4 |      31 |       3 |   8.8
     Lair:4 |    5288 |     598 |  10.2 |      30 |       2 |   6.2
     Lair:5 |   13197 |   14829 |  52.9 |      48 |      36 |  42.9
    Snake:1 |   10978 |    2784 |  20.2 |      28 |       2 |   6.7
    Snake:2 |   15462 |       0 |   0.0 |      36 |       0 |   0.0
    Snake:3 |     452 |     987 |  68.6 |       1 |       2 |  66.7
      Orc:1 |    6247 |       0 |   0.0 |      48 |       0 |   0.0
      Orc:2 |    4886 |    4779 |  49.4 |      46 |      41 |  47.1
    Ossuary |       0 |     151 | 100.0 |       0 |      16 | 100.0
            +---------+---------+-------+---------+---------+-------
